 Dungeon Sprint DCSS version 0.26-a0-1132-ge9770dfcb6 (webtiles) character file.

Game seed: 2497022370332168053

1910 mhtbhm the Carver (level 9, -2/114 HPs)
             Began as a Human Fighter on Dec 20, 2020.
             Was a Believer of Okawaru.
             Slain by an 18-headed hydra (7 damage)
             ... in the Dungeon (Sprint IX: "|||||||||||||||||||||||||||||").
             The game lasted 00:02:03 (1728 turns).

mhtbhm the Carver (Human Fighter)                   Turns: 1728, Time: 00:02:03

Health: -2/114     AC: 15    Str: 19    XL:     9   Next: 38%
Magic:  9/9        EV: 10    Int: 13    God:    Okawaru [**....]
Gold:   15         SH: 11    Dex: 12    Spells: 8/8 levels left

rFire    . . .     SeeInvis .   a - +2 scimitar "Viton" {venom, rN+ Will+}
rCold    . . .     Faith    .   c - +0 kite shield
rNeg     + . .     Spirit   .   p - +1 chain mail
rPois    .         Reflect  .   o - +0 helmet
rElec    .         Harm     .   (no cloak)
rCorr    .         Rampage  .   n - +0 pair of gloves
Will     +....     NoTele   +   (no boots)
Stlth    ..........             (no amulet)
HPRegen  0.29/turn              q - +3 ring of intelligence
MPRegen  0.11/turn              r - +2 ring of evasion

@: berserking (expiring), very slightly contaminated, invisible, very quick
A: no striking features
a: Renounce Religion, Heroism


You were in the Dungeon.
You worshipped Okawaru.
Okawaru was pleased with you.
You visited 1 branch You collected 15 gold pieces.

Inventory:

Hand Weapons
 a - the +2 scimitar "Viton" (weapon) {venom, rN+ Will+}
   (You found it in the Dungeon)

   It poisons the flesh of those it strikes.
   It protects you from negative energy.
   It affects your willpower, your defense against some magical effects.
Armour
 b - a +0 scale mail
 c - a +0 kite shield (worn)
 n - a +0 pair of gloves (worn)
 o - a +0 helmet (worn)
 p - a +1 chain mail (worn)
Jewellery
 q - a +3 ring of intelligence (left hand)
 r - a +2 ring of evasion (right hand)
Wands
 m - a wand of acid (2)
Scrolls
 j - a scroll of blinking
 k - 4 scrolls of remove curse
 l - 2 scrolls of amnesia
 u - 2 scrolls of enchant armour
 v - 2 scrolls of enchant weapon
 w - 2 scrolls of fear
Potions
 d - 3 potions of might
 e - 6 potions of curing
 f - 5 potions of heal wounds
 g - a potion of haste
 h - 4 potions of magic
 t - a potion of mutation


   Skills:
 + Level 9.2 Fighting
 + Level 11.8 Long Blades
 + Level 10.1 Armour
 + Level 3.5 Dodging
 + Level 9.2 Shields
 + Level 3.1 Evocations


You had 8 spell levels left.
You didn't know any spells.
Your spell library was empty.

Dungeon Overview and Level Annotations

Branches:
Dungeon (1/1)

Altars:
Cheibriados
Dithmenos
Elyvilon
Fedhas
Gozag
Hepliaklqana
Kikubaaqudgha
Makhleb
Nemelex Xobeh
Okawaru
Qazlal
Ru
Sif Muna
Trog
Uskayaw
Vehumet
Wu Jian
Xom
Yredelemnul
Zin
The Shining One
Beogh
Jiyva
Lugonu


Message History

The 16-headed hydra bites you.
* * * LOW HITPOINT WARNING * * *
You chop one of the 16-headed hydra's heads off!
The 15-headed hydra grows two more!
You slash the 17-headed hydra!
The 17-headed hydra is poisoned.
The 17-headed hydra is lightly wounded.
The wolf stops to sniff the ground.
You chop one of the 17-headed hydra's heads off!
The 16-headed hydra grows two more!
You slice the 18-headed hydra!!
The 18-headed hydra is moderately wounded.
The 18-headed hydra bites you but does no damage.
You block the 18-headed hydra's attack.
The 18-headed hydra bites you but does no damage.
The 18-headed hydra barely misses you. You block the 18-headed hydra's attack.
The 18-headed hydra bites you!
* * * LOW HITPOINT WARNING * * *
The 18-headed hydra closely misses you. The 18-headed hydra bites you.
* * * LOW HITPOINT WARNING * * *
The 18-headed hydra bites you!
You die...

▓▓▓▓▓▓▓▓▓▓▓▓▓▓▓▓▓▓▓▓▓▓▓▓
______'.....'.....'...<▓
▓▓▓▓▓▓▓▓▓▓▓▓▓▓▓▓▓▓▓▓▓▓▓▓
.......................▓
▓▓▓▓▓▓▓▓▓▓▓▓▓▓▓▓▓▓▓▓▓▓.▓
D'§..D.D)....hDD@......▓
▓▓▓▓▓▓▓▓▓▓▓▓▓▓▓▓▓▓▓▓▓▓▓▓


You could see a 18-headed hydra (very poisoned), a four-headed hydra and a wolf.

Vanquished Creatures
  An unseen horror (D)
  A komodo dragon (D)
  A troll (D)
  A blink frog (D)
  An orc warrior (D)
  A sky beast (D)
  An ice beast (D)
  A black bear (D)
  A centaur (D)
  3 bullfrogs (D)
  A wight (D)
  A worker ant (D)
  2 adders (D)
  An orc (D)
  A bat skeleton (D)
  A hobgoblin (D)
  2 bats (D)
  A giant cockroach zombie (D)
  A quokka skeleton (D)
  2 rats (D)
25 creatures vanquished.

Notes
Turn   | Place    | Note
-------+----------+-------------------------------------------
     0 | D        | mhtbhm the Human Fighter began the quest for the Orb.
     0 | D        | Reached XP level 1. HP: 18/18 MP: 1/1
   247 | D        | Noticed an ice beast
   253 | D        | Killed an ice beast
   254 | D        | Reached skill level 5 in Fighting
   254 | D        | Reached skill level 4 in Long Blades
   254 | D        | Reached skill level 5 in Armour
   254 | D        | Reached skill level 1 in Dodging
   254 | D        | Reached skill level 5 in Shields
   254 | D        | Reached XP level 2. HP: 4/27 MP: 2/2
   254 | D        | Reached XP level 3. HP: 5/33 MP: 3/3
   254 | D        | Reached XP level 4. HP: 6/39 MP: 4/4
   258 | D        | Reached XP level 5. HP: 7/44 MP: 5/5
   635 | D        | Found a roughly hewn altar of Beogh.
   635 | D        | Found a snail-covered altar of Cheibriados.
   635 | D        | Found a shadowy altar of Dithmenos.
   635 | D        | Found a white marble altar of Elyvilon.
   635 | D        | Found a blossoming altar of Fedhas.
   635 | D        | Found an opulent altar of Gozag.
   636 | D        | Found a hazy altar of Hepliaklqana.
   637 | D        | Found a viscous altar of Jiyva.
   638 | D        | Found an ancient bone altar of Kikubaaqudgha.
   639 | D        | Found a corrupted altar of Lugonu.
   640 | D        | Found a burning altar of Makhleb.
   641 | D        | Found a sparkling altar of Nemelex Xobeh.
   642 | D        | Found an iron altar of Okawaru.
   643 | D        | Found a stormy altar of Qazlal.
   644 | D        | Found a sacrificial altar of Ru.
   645 | D        | Found a shimmering blue altar of Sif Muna.
   646 | D        | Found a bloodstained altar of Trog.
   647 | D        | Found a hide-covered altar of Uskayaw.
   648 | D        | Found a radiant altar of Vehumet.
   649 | D        | Found an ornate altar of the Wu Jian Council.
   650 | D        | Found a shimmering altar of Xom.
   651 | D        | Found a basalt altar of Yredelemnul.
   652 | D        | Found a glowing silver altar of Zin.
   653 | D        | Found a glowing golden altar of the Shining One.
   660 | D        | Became a worshipper of Warmaster Okawaru
   683 | D        | Got the +2 scimitar "Viton" {venom, rN+ Will+}
   719 | D        | Noticed a sky beast
   719 | D        | Noticed a troll
   719 | D        | Noticed a bullfrog
   726 | D        | Reached skill level 5 in Long Blades
   731 | D        | Killed a bullfrog
   732 | D        | Reached skill level 6 in Long Blades
   732 | D        | Reached XP level 6. HP: 41/53 MP: 6/6
   738 | D        | Killed a troll
   738 | D        | Reached * piety under Okawaru
   739 | D        | Reached skill level 8 in Long Blades
   739 | D        | Reached XP level 7. HP: 24/60 MP: 7/7
  1043 | D        | Killed an unseen horror
  1043 | D        | Reached ** piety under Okawaru
  1044 | D        | Reached skill level 10 in Long Blades
  1044 | D        | Reached XP level 8. HP: 44/69 MP: 8/8
  1049 | D        | Reached skill level 11 in Long Blades
  1049 | D        | Reached XP level 9. HP: 49/75 MP: 9/9
  1285 | D        | Noticed a komodo dragon
  1285 | D        | Noticed a blink frog
  1285 | D        | Noticed a five-headed hydra
  1286 | D        | Noticed a four-headed hydra
  1288 | D        | Killed a blink frog
  1288 | D        | Killed a komodo dragon
  1289 | D        | Reached skill level 10 in Armour
  1292 | D        | Noticed a komodo dragon
  1728 | D        | HP: 5/114 [18-headed hydra (5)]
  1728 | D        | Slain by an 18-headed hydra

Illustrated notes

Levels and vault maps discovered:
D:        linesprint [early_d, line_temple, items_1, d_10, items_2, lair_1,
          lair_end, items_3, orc_1, orc_end, items_4, d_15, swamp_1, shoals_1,
          snake_1, spider_1, d_20, vaults_1, items_5, swamp_end, shoals_end,
          snake_end, spider_end, vaults_end, d_27, items_6, zot_1, zot_end,
          crypt_end, forest_end, elf_end, slime_end, tomb_end, abyss_end,
          pan_hell_end]

Skill      XL: |  1  2  3  4  5  6  7  8  9 |
---------------+----------------------------+-----
Fighting       | 5 6 7 8 9 |  9.2
Long Blades    | 4 6 8 10 11 | 11.8
Armour         | 5 6 7 9 10 | 10.1
Dodging        | 1 2 3 |  3.5
Shields        | 5 6 7 8 9 |  9.2
Evocations     | 2 3 |  3.1

Action                   |  1- 3 |  4- 6 |  7- 9 || total
-------------------------+-------+-------+-------++-------
Melee: Long sword        |    31 |     9 |       ||    40
       Scimitar          |       |    16 |    36 ||    52
Evoke: Wand              |       |     2 |     6 ||     8
  Use: Potion            |     1 |       |     2 ||     3
       Scroll            |       |       |     1 ||     1
 Stab: Invisible         |       |       |     1 ||     1
Armor: Scale mail        |    15 |     5 |       ||    20
       Chain mail        |       |     6 |    46 ||    52
Dodge: Dodged            |    10 |     6 |    28 ||    44
Block: Kite shield       |    19 |    13 |    34 ||    66
       Rpst.: Long sword |     5 |     1 |       ||     6
       Scimitar          |       |     1 |       ||     1

Table legend: (Time is in decaauts)
 A = Elapsed time spent in this place.
 B = Non-inter-level travel time spent in this place.
 C = Inter-level travel time spent in this place.
 D = Time resting spent in this place.
 E = Time spent auto-exploring this place.
 F = Levels seen in this place.
 G = Mean time per level.
                   A        B        C        D        E       F      G
               +--------+--------+--------+--------+--------+-----+--------+
         Total |   1747 |   1747 |      0 |   1277 |    175 |   1 | 1747.0 |
       Dungeon |   1747 |   1747 |      0 |   1277 |    175 |   1 | 1747.0 |
               +--------+--------+--------+--------+--------+-----+--------+

Top non-repeatable levels by time:
       D: 1747 daAuts
